 Dungeon Crawl Stone Soup version 0.24-a0-275-g6f7e2cb (webtiles) character file.

Game seed: 1716034302661784636

42 Hylith the Insei (level 3, 0/29 HPs)
             Began as a Draconian Transmuter on Apr 27, 2019.
             Slain by a slave (8 damage)
             ... led by Pikel
             ... on level 4 of the Dungeon.
             The game lasted 00:03:21 (1155 turns).

Hylith the Insei (Draconian Transmuter)             Turns: 1155, Time: 00:03:22

Health: 0/29       AC:  2    Str: 12    XL:     3   Next: 35%
Magic:  4/6        EV: 20    Int: 16    God:
Gold:   57         SH:  0    Dex: 17    Spells: 0/6 levels left

rFire    . . .     SeeInvis .     - Unarmed
rCold    . . .     Gourm    .   (shield currently unavailable)
rNeg     . . .     Faith    .   (armour unavailable)
rPois    x         Spirit   .   (helmet currently unavailable)
rElec    .         Reflect  .   (cloak currently unavailable)
rCorr    .         Harm     .   (gloves currently unavailable)
MR       .....                  (boots currently unavailable)
Stlth    ++........             (no amulet)
HPRegen  0.09/turn              d - +3 ring of intelligence
MPRegen  0.10/turn              (no ring)

@: spider-form (expiring)
A: tiny, unfitting armour, AC +5
a: End Transformation


You were on level 4 of the Dungeon.
You were not hungry.
You were a venomous arachnid creature.
You visited 1 branch of the dungeon, and saw 3 of its levels.

You collected 57 gold pieces.

Inventory:

Missiles
 a - 12 arrows
Jewellery
 d - a +3 ring of intelligence (left front leg)
Wands
 f - a wand of random effects (24)
Scrolls
 e - a scroll of amnesia {unknown}
Comestibles
 b - 4 chunks of flesh
 c - 2 rations


   Skills:
 + Level 2.1 Fighting
 + Level 2.2 Dodging
 + Level 3.1 Unarmed Combat
 * Level 2.3 Spellcasting
 * Level 2.4 Transmutations


You couldn't memorise any spells.
You knew the following spells:

 Your Spells              Type           Power        Failure   Level  Hunger
a - Beastly Appendage     Tmut           #.....       21%         1    #......
b - Sticks to Snakes      Tmut           #.......     26%         2    ###....
c - Spider Form           Tmut/Pois      #.........   58%         3    ###....

Your spell library contained the following spells:

 Spells                   Type           Power        Failure   Level  Hunger
 Ice Form                 Ice/Tmut       #.......     90%         4    #####..
 Blade Hands              Tmut           #.........   97%         5    ######.


Dungeon Overview and Level Annotations

Branches:
Dungeon (2/15)

Altars:
Wu Jian
Xom
The Shining One

Annotations:
D:4 Pikel


Innate Abilities, Weirdness & Mutations

((Your plain brown scales are hard. (AC +5)))
You cannot fit into any form of body armour.
((You are cold-blooded and may be slowed by cold attacks.))


Message History

You barely miss the slave.
The slave is heavily wounded.
The slave barely misses you. The slave completely misses you.
Unknown command.
You closely miss the slave.
The slave is severely wounded.
The slave misses you. The slave completely misses you.
You hit the slave.
The slave looks as sick as possible!
The slave is almost dead.
You kill the slave!
That felt strangely unrewarding.
You hit the slave but do no damage. The slave hits you. x2
* * * LOW HITPOINT WARNING * * *
You hit the slave.
The slave is poisoned.
The slave is lightly wounded.
The slave barely misses you. x2
You hit the slave.
The slave is moderately wounded.
The slave completely misses you. The slave hits you!
You die...

#######
###..Kps#
#....pp##
##...####
#...##
#...#
#...#
##..##
#...#
...###>..#


You could see Pikel and 3 slaves.

Vanquished Creatures
  A slave (D:4)
  An ooze (D:1)
  A worm (D:2)
  A dart slug (D:2)
  A leopard gecko (D:2)
  A ball python (D:1)
  A bat (D:2)
  3 giant cockroaches
  A goblin (D:1)
  A hobgoblin (D:1)
  4 jackals (D:1)
  4 kobolds
  A quokka (D:2)
  4 frilled lizards (D:2)
  6 rats
31 creatures vanquished.

Notes
Turn   | Place    | Note
-------+----------+-------------------------------------------
     0 | D:1      | Hylith the Draconian Transmuter began the quest for the
                  | Orb.
     0 | D:1      | Reached XP level 1. HP: 16/16 MP: 3/3
   308 | D:1      | Reached XP level 2. HP: 15/24 MP: 3/5
   827 | D:2      | Reached XP level 3. HP: 23/29 MP: 4/6
   909 | D:2      | Learned a level 2 spell: Sticks to Snakes
   913 | D:2      | Learned a level 3 spell: Spider Form
   920 | D:2      | Found a glowing golden altar of the Shining One.
   923 | D:2      | Found an ornate altar of the Wu Jian Council.
  1094 | D:2      | Found a shimmering altar of Xom.
  1129 | D:2      | You fall through a shaft for 2 floors!
  1129 | D:4      | Noticed a slave
  1129 | D:4      | Noticed a slave
  1129 | D:4      | Noticed Pikel
  1130 | D:4      | Noticed a slave
  1130 | D:4      | Noticed a slave
  1152 | D:4      | Killed a slave
  1155 | D:4      | Slain by a slave

Levels and vault maps discovered:
D:1:      dpeg_arrival_simpleton_a, layout_rooms
D:2:      layout_loops_ring, lemuel_doored_altar, xom_butterflies,
          chequers_temple_overflow_statue_of_worship, first_ration, uniq_jessica
D:4:      layout_layer_cave, minmay_temple_entry_poolview, uniq_natasha,
          uniq_pikel

Skill      XL: |  1  2 |
---------------+-------+-----
Dodging        | 2 |  2.2
Fighting       | 2 |  2.1
Unarmed Combat | |  3.1
Spellcasting   | |  2.3
Transmutations | |  2.4

Action                   || total
-------------------------++-------
Melee: Unarmed           ||   106
       Headbutt          ||     7
       Tailslap          ||     8
       Kick              ||     4
 Cast: Beastly Appendage ||    13
       Spider Form       ||     1
Evoke: Wand              ||     1
  Eat: Chunk             ||     1
Armor: Skin              ||    26
Dodge: Dodged            ||    74

Table legend:
 A = Non-vault XP
 B = Vault XP
 C = Vault XP percentage of total XP
 D = Non-vault monster count
 E = Vault monster count
 F = Vault count percentage of total count
                 A         B        C        D         E       F
            +---------+---------+-------+---------+---------+-------
      Total |      61 |       0 |   0.0 |      30 |       0 |   0.0
            +---------+---------+-------+---------+---------+-------
        D:1 |      34 |       0 |   0.0 |      17 |       0 |   0.0
        D:2 |      27 |       0 |   0.0 |      13 |       0 |   0.0
            +---------+---------+-------+---------+---------+-------
